[Event "Sautron op 14th"]
[Site "Sautron"]
[Date "2014.10.27"]
[Round "4"]
[White "Neelotpal, Das"]
[Black "Belenkaya, Dina"]
[Result "1-0"]
[ECO "A22"]
[WhiteElo "2424"]
[BlackElo "2340"]
[Annotator "RR"]
[PlyCount "134"]
[EventDate "2014.10.26"]
[EventType "swiss"]
[EventRounds "9"]
[EventCountry "FRA"]
[SourceTitle "EXT 2015"]
[Source "ChessBase"]
[SourceDate "2014.11.20"]
[SourceVersion "1"]
[SourceVersionDate "2014.11.20"]
[SourceQuality "1"]
[TimeControl "40/5400+30:1800+30"]

1. c4 e5 {[%emt 0:01:44] Le choix de l'anglaise a visiblement
surpris la russe qui s'était probablement préparée sur 1.e4} 2. Nc3 Nf6 3. g3 d5 4. cxd5 Nxd5 5. Bg2 Nb6 (5... Ne7 {Lagarde,M (2566)-Neelotpal,D (2424) 14th
Op Sautron 2014 (5.1) 1-0}) 6. e3 (6. Nf3 {La grande ligne})
6... Be7 (6... c5 7. Nge2 Nc6 8. O-O Be7 9. a4 Na5 10. f4 O-O
11. fxe5 c4 12. Nd4 Bc5 13. Ncb5 Qe7 14. d3 Qxe5 15. Bd2 cxd3 16. Bxa5 a6 17.
Qxd3 axb5 18. axb5 Nd5 19. Bd2 Rxa1 20. Rxa1 Bd7 21. Kh1 g6 22. Nb3 Bxe3 23.
Qxd5 Qxd5 24. Bxd5 Bxd2 25. Nxd2 Bxb5 26. Bxb7 Rd8 27. Ra8 {1-0 (27) Karjakin,
S (2777)-Fedoseev,V (2677) Moscow 2014}) 7. Nge2 O-O 8. O-O c5 (8... Nc6) 9. a4 a6 $6 $146 {[%emt 0:08:44] Les Noirs veulent éviter
d'affaiblir la case "b4"} (9... a5 10. d4 exd4 11. exd4 Nc6 12. d5 Nb4 13. Bf4
Nc4 14. Nb5 Nxb2 15. Qb3 Bf6 16. Nec3 N2d3 17. Bc7 Qd7 18. Rab1 Be5 19. d6 Qg4
20. f4 Bxf4 21. gxf4 Nxf4 22. Rxf4 Qxf4 23. Ne4 Bd7 24. Qg3 Qxg3 25. hxg3 Bxb5
26. axb5 a4 27. Nxc5 a3 28. Rxb4 a2 29. Nb3 Ra3 30. Na1 Rd3 31. Ra4 Rd2 32. Kh2
{1-0 (32) Bocharov,D (2600)-Kanter,E (2402) Izhevsk 2012}) 10. a5 $1 Nc4 11. Qa4 $36 b5 (
11... Nd6 {Moins affaiblissant}) 12. axb6 Nxb6 13. Qa5 $14 Ra7 14. d4 $1 Nc4 15. Qxd8 Rxd8 16. d5 $44 (16. Nd5 $5 cxd4 17. exd4 exd4 18. Rd1 $32 {Les pièces
Noires sont désorganisées}) 16... Nd6 17. Na4 Nd7 18. Bd2 a5 19. Rfc1
$32 Ba6 20. Bf1 Rb8 21. Be1 Bc4 22. Nec3 Bb3 23. Nb1 Bxd5 24. Nxc5 Rc8 25. Nd3 Rxc1 26. Nxc1 a4 (26... Bd8 ) 27. Bb4 Nc8 28. Nd3 Bb3 29. Nd2 Bxb4 30.
Nxb4 Be6 31. Ne4 f6 32. Nd3 Ra5 $6 33. b4 Ra7 34. Nec5 Bb3 35. Nxb3 axb3 36. Rb1 Ra3 37. Nc1 Ndb6 38. Nxb3
$16 Kf8 39. Nc5 Nd6 40. Ne6+ Kf7 41. Nd8+ Ke8 42. Rd1 Nbc8 43. Ne6 Rb3 $6 44. Nxg7+ Kf7 45. Nf5 $1 Ke6 46. e4 $40 Kd7 47. b5 Kc7 48. Rc1+ Kb7 49. Ne3 (49. Rc6 Nxe4 50. Bc4 $40 ) 49...
Ne7 50. Nc4 Nxc4 51. Bxc4 Rb4 52. Kg2 Kb6 53. Kf3 h6 54.
Rc2 Nc8 55. Be2 Na7 56. Rd2 Kc5 57. Rd5+ Kb6 58. Rd6+ Kc5 59. Rxf6 $18 Rb3+ 60. Kg2 Kd4 61. Rxh6 Rb2 62.
Bf1 Kxe4 63. Ra6 Nc8 64. h4 Kd4 65. Rc6 Na7 66. Rc7 Nxb5 67.
Rb7 Ke4 1-0